[Event "Team 45 45 League T54"]
[Site "Internet Chess Club"]
[Date "2012.08.24"]
[Round "2"]
[White "monkeyshark"]
[Black "BenjaminSisko"]
[Result "1-0"]
[WhiteElo "1509"]
[BlackElo "1476"]
[Opening "Sicilian: Hungarian variation"]
[ECO "B27"]
[Time "20:00:44"]
[TimeControl "2700+45"]

1. e4 c5 2. Nf3 g6 3. Nc3 Bg7 4. Bc4 Nc6 5. O-O Nf6 6. d3 O-O 7. Bg5 d6 8. Qd2
Bg4 9. Qe3 Bxf3 10. Qxf3 h6 11. Bh4 Ne5 12. Qg3 g5 13. Bxg5 hxg5 14. Qxg5 Nxc4
15. dxc4 Qd7 16. Rad1 Qg4 17. Qe3 Kh7 18. h3 Qh5 19. f4 Rg8 20. Nd5 Nxd5 21.
Rxd5 Qh4 22. Qe2 Bd4+ 23. Kh1 Kg7 24. c3 e6 25. Rh5 Qf6 26. cxd4 Qxd4 27. Rd1
Qf6 28. Rg5+ Kf8 29. Rxg8+ Kxg8 30. Qg4+ Kf8 31. Rd2 Rd8 32. Qg5 Qe7 33. Qxe7+
Kxe7 34. g4 a6 35. h4 b5 36. b3 f6 37. h5 Rg8 38. Rg2 bxc4 39. bxc4 e5 40. fxe5
dxe5 41. Kh2 Kf7 42. Kg3 Kg7 43. Rb2 Rd8 44. Rb7+ Kh6 45. Rb6 Rd3+ 46. Kh4 Rf3
47. g5+ Kg7 48. gxf6+ Kf7 49. Kg5 Rg3+ 50. Kh6 Rg4 51. Rxa6 Rxe4 52. Kg5 Rxc4
53. h6 Rc1 54. Ra7+ Ke6 55. Re7+ Kd6 56. h7 Rg1+ 57. Kf5 Rf1+ 58. Kg6 Rg1+ 59.
Kf7 Rh1 60. Kg8 c4 61. h8=Q Rxh8+ 62. Kxh8 c3 63. Rh7 {Black resigns} 1-0

[Event "Team 45 45 League T54"]
[Site "Internet Chess Club"]
[Date "2012.08.27"]
[Round "2"]
[White "clarinetref"]
[Black "rookmaster23"]
[Result "1-0"]
[WhiteElo "1646"]
[BlackElo "1644"]
[Opening "Nimzovich-Larsen attack: classical variation"]
[ECO "A01"]
[Time "21:00:27"]
[TimeControl "2700+45"]

1. b3 d5 2. Bb2 Nf6 3. e3 g6 4. d4 Bg7 5. Be2 O-O 6. Nd2 Nc6 7. Ngf3 Bf5 8. a3
Re8 9. Bb5 Bg4 10. h3 Bxf3 11. Nxf3 Qd6 12. Ne5 a6 13. Bxc6 bxc6 14. c4 c5 15.
dxc5 Qxc5 16. Bd4 Qd6 17. c5 Qe6 18. O-O Nd7 19. Nf3 Bxd4 20. exd4 Qf6 21. b4 c6
22. Nh2 e5 23. Ng4 Qg7 24. dxe5 Nxe5 25. Nxe5 Qxe5 26. Qa4 Qf6 27. Rae1 Qd8 28.
Qxc6 Rxe1 29. Rxe1 d4 30. Rd1 Qe7 31. Qxa8+ {Black resigns} 1-0

[Event "Team 45 45 League T54"]
[Site "Internet Chess Club"]
[Date "2012.08.26"]
[Round "2"]
[White "smsxman"]
[Black "PostMike"]
[Result "0-1"]
[WhiteElo "1456"]
[BlackElo "1460"]
[Opening "Sicilian"]
[ECO "B50"]
[Time "14:30:10"]
[TimeControl "2700+45"]

1. e4 c5 2. Nf3 d6 3. Nc3 a6 4. d3 e5 5. a3 Nc6 6. Be2 Be7 7. Bd2 Nf6 8. O-O Be6
9. Ng5 Bd7 10. Nf3 O-O 11. Rb1 b5 12. b4 cxb4 13. axb4 h6 14. h3 Be6 15. Nh2 d5
16. exd5 Nxd5 17. Nxd5 Bxd5 18. Bf3 Nd4 19. Bxd5 Qxd5 20. c3 Ne6 21. Re1 Qxd3
22. Rxe5 Bf6 23. Re3 Qc4 24. Qe2 Qc7 25. Rg3 Kh8 26. Ng4 Bg5 27. Bxg5 Nxg5 28.
Re3 Ne6 29. g3 Rad8 30. Nh2 Rd6 31. Rd1 Rfd8 32. Red3 Rxd3 33. Rxd3 Rxd3 34.
Qxd3 Qd8 35. Qf3 Ng5 36. Qg4 Qc7 37. h4 Ne6 38. Qf3 Kg8 39. Qa8+ Nf8 40. Qxa6
Qxc3 41. Qxb5 f6 42. Qb8 Kf7 43. b5 Qe1+ 44. Nf1 Nd7 45. Qc7 Ke6 46. Qc6+ Ke7
47. b6 Qe6 48. Qxe6+ Kxe6 49. Ne3 Nxb6 50. Kg2 Nd5 51. Nc2 f5 52. Kf3 g5 53.
Nd4+ Kf6 54. h5 g4+ 55. Kg2 Ne7 56. f3 Kg5 57. fxg4 Kxg4 58. Kf2 Kxh5 59. Kf3
Kg6 60. Kf4 h5 61. Nf3 Kf6 62. Nh4 Ng6+ 63. Kf3 Nxh4+ 64. gxh4 Ke5 65. Kg3 Ke4
66. Kg2 Ke3 67. Kg3 f4+ 68. Kg2 Ke2 {White resigns} 0-1

[Event "Team 45 45 League T54"]
[Site "Internet Chess Club"]
[Date "2012.08.24"]
[Round "2"]
[White "jjaillet2007"]
[Black "Toalla"]
[Result "0-1"]
[WhiteElo "1308"]
[BlackElo "1353"]
[Opening "QGD: Marshall defense"]
[ECO "D13"]
[Time "12:01:20"]
[TimeControl "2700+45"]

1. d4 Nf6 2. c4 d5 3. Nc3 c6 4. cxd5 cxd5 5. Nf3 Nc6 6. Bf4 a6 7. e3 Bg4 8. h3
Bxf3 9. Qxf3 e6 10. Bd3 Bd6 11. Bg5 Be7 12. O-O O-O 13. Rfe1 Re8 14. Rac1 Rc8
15. Bb1 h6 16. Bh4 g5 17. Bg3 Nd7 18. e4 Nxd4 19. Qd3 Bc5 20. exd5 Nf5 21. dxe6
fxe6 22. Bh2 Nf6 23. Qxd8 Rcxd8 24. Ne4 Nxe4 25. Bxe4 Bd4 26. Bxb7 Bxb2 27. Rc2
Ba3 28. Bxa6 Nd4 29. Rc4 Re7 30. Rc8 Rxc8 31. Bxc8 Kf7 32. Be5 Nc2 33. Rd1 Bc5
34. Rc1 Re8 35. Bb7 Bd4 36. Rxc2 Bxe5 37. a4 Rb8 38. Re2 Bc3 39. Be4 Rb4 40. a5
Rc4 41. a6 Bd4 42. Bb7 Ra4 43. g4 e5 44. Kg2 Kf6 45. Kf3 Bb6 46. Rb2 Rf4+ 47.
Ke2 Rxf2+ 48. Kd3 Rxb2 49. Kc3 Bd4+ 50. Kc4 Ke6 51. Kd3 Rb3+ 52. Ke2 Rxh3 53.
Bc8+ Kd6 54. Bf5 Ra3 55. Bd3 Kd5 56. Kd2 e4 57. Bb5 Ra2+ 58. Ke1 e3 59. Kf1 Rb2
60. Be2 Ke4 61. Ke1 Rb1+ 62. Bd1 Kd3 63. a7 Bxa7 {White resigns} 0-1

[Event "Team 45 45 League T54"]
[Site "Internet Chess Club"]
[Date "2012.08.26"]
[Round "2"]
[White "Just-Jim"]
[Black "Aquaman"]
[Result "1-0"]
[WhiteElo "1364"]
[BlackElo "1289"]
[Opening "QP counter-gambit (elephant gambit)"]
[ECO "C40"]
[Time "16:00:37"]
[TimeControl "2700+45"]

1. e4 e5 2. Nf3 d5 3. Nxe5 Bd6 4. Nf3 Bg4 5. Be2 dxe4 6. Nd4 Bxe2 7. Qxe2 Nf6 8.
Nc3 O-O 9. O-O Re8 10. d3 exd3 11. Qxd3 Ng4 12. Nf3 Nf6 13. Qb5 b6 14. Bg5 Nbd7
15. Rfe1 Be7 16. Qc4 h6 17. Bxf6 Nxf6 18. Ne5 Rf8 19. Nc6 Qd2 20. Nxe7+ Kh8 21.
Qd3 Qg5 22. Qf5 Qd2 23. Rad1 Qg5 24. Qxg5 hxg5 25. Ne4 Nh7 26. g3 g6 27. Nd5 c5
28. Ndf6 Nxf6 29. Nxf6 Kg7 30. Nd7 Rfd8 31. Ne5 Rxd1 32. Rxd1 Kf6 33. Ng4+ Kg7
34. Rd7 Kf8 35. Nh6 Kg7 36. Nxf7 Kf6 37. Rd8 Rxd8 38. Nxd8 a5 39. Nc6 Ke6 40.
Kg2 g4 41. f3 gxf3+ 42. Kxf3 Kf6 43. Na7 a4 44. Nb5 Ke5 45. Nc3 Kd4 46. Nxa4 b5
47. Nc3 b4 48. Nb5+ Kd5 49. Kf4 Kc6 50. Na3 bxa3 51. bxa3 Kb5 52. Ke4 Kc4 53. h4
Kc3 54. a4 Kb4 55. Kd5 c4 56. a5 Kxa5 57. Kxc4 {Black resigns} 1-0

[Event "Team 45 45 League T54"]
[Site "Internet Chess Club"]
[Date "2012.08.23"]
[Round "2"]
[White "bmw2002"]
[Black "nanning"]
[Result "1-0"]
[WhiteElo "1591"]
[BlackElo "1691"]
[Opening "English, 1...Nf6 (Anglo-Indian defense)"]
[ECO "A15"]
[Time "14:26:15"]
[TimeControl "2700+45"]

1. c4 Nf6 2. g3 d5 3. Bg2 c6 4. cxd5 cxd5 5. Nf3 Nc6 6. d4 e6 7. O-O Be7 8. Nc3
O-O 9. a3 Bd7 10. Bf4 a5 11. Na4 Ne4 12. Rc1 Bf6 13. e3 Rc8 14. Qb3 g5 15. Be5
Bxe5 16. Nxe5 Nxe5 17. Bxe4 Bxa4 18. Qxa4 Nc4 19. Bb1 Nxb2 20. Qb3 Nc4 21. Qxb7
Rb8 22. Qa6 Rb2 23. Rc2 Qb6 24. Qxb6 Rxb6 25. Ra2 Rfb8 26. Bd3 Rb2 27. Bxc4 dxc4
28. Rxb2 Rxb2 29. Rc1 Rb3 30. Rxc4 Rxa3 31. Rc5 h6 32. Kg2 a4 33. Ra5 Ra1 34.
Kf3 a3 35. Kg4 Kg7 36. h4 gxh4 37. Kxh4 a2 38. Kg4 Kg6 39. Kf4 f5 40. Ke5 Kg5
41. Kxe6 Kg4 42. d5 Rb1 43. Rxa2 Kg5 44. d6 Rb4 45. d7 Re4+ 46. Kd5 {Black
resigns} 1-0

[Event "Team 45 45 League T54"]
[Site "Internet Chess Club"]
[Date "2012.08.26"]
[Round "2"]
[White "tryanything"]
[Black "Mitochondria"]
[Result "1-0"]
[WhiteElo "1588"]
[BlackElo "1498"]
[Opening "Sicilian: closed"]
[ECO "B23"]
[Time "18:54:54"]
[TimeControl "2700+45"]

1. e4 c5 2. Nc3 d6 3. f4 Nc6 4. Nf3 e5 5. d3 Nf6 6. Be2 Nd4 7. O-O Nxe2+ 8. Nxe2
Be7 9. c4 Bd7 10. fxe5 dxe5 11. Nxe5 Qc7 12. Nxd7 Ng4 13. Nf4 Qxd7 14. Nd5 Bd6
15. Bf4 Ne5 16. b3 Ng6 17. Bxd6 Qxd6 18. Qf3 O-O 19. Rad1 Qe5 20. Rf2 Ne7 21.
Qf4 Qxf4 22. Nxe7+ Kh8 23. Rxf4 Rae8 24. Nd5 Re5 25. Rdf1 f6 26. Rf5 Re6 27. e5
Ra6 28. a4 Re6 29. exf6 gxf6 30. Rxf6 Rfxf6 31. Rxf6 Re2 32. Rf7 Rd2 33. Nf6
{Black resigns} 1-0

[Event "Team 45 45 League T54"]
[Site "Internet Chess Club"]
[Date "2012.08.27"]
[Round "2"]
[White "Zyme"]
[Black "JohLeb"]
[Result "0-1"]
[WhiteElo "1274"]
[BlackElo "1365"]
[Opening "QGD Slav: 4.Nc3"]
[ECO "D15"]
[Time "19:04:12"]
[TimeControl "2700+45"]

1. d4 d5 2. c4 c6 3. Nc3 Nf6 4. Nf3 Bg4 5. Qc2 e6 6. e3 Nbd7 7. Bd3 Bb4 8. a3
Bxc3+ 9. Qxc3 O-O 10. Qc2 h6 11. Nd2 Qe8 12. O-O Bh5 13. Re1 Bg6 14. e4 dxe4 15.
Nxe4 Nxe4 16. Bxe4 Bxe4 17. Rxe4 Nf6 18. Rh4 Qe7 19. Be3 Nd5 20. Re4 Nxe3 21.
Rxe3 Rad8 22. Qc3 Rd7 23. Rae1 Qf6 24. Rd3 Rfd8 25. Red1 c5 26. d5 Qxc3 27. bxc3
exd5 28. cxd5 Kf8 29. c4 Ke7 30. Re3+ Kd6 31. Rde1 a6 32. Rd3 b5 33. cxb5 axb5
34. Rb1 c4 35. Rd4 Kc5 36. Rdd1 Rxd5 37. Rxd5+ Rxd5 38. g3 Rd3 39. Kg2 Rxa3
{White resigns} 0-1

[Event "Team 45 45 League T54"]
[Site "Internet Chess Club"]
[Date "2012.08.27"]
[Round "2"]
[White "theartist"]
[Black "Ostap-Bender"]
[Result "1-0"]
[WhiteElo "1175"]
[BlackElo "1396"]
[Opening "QGA: 3.e4"]
[ECO "D20"]
[Time "20:03:44"]
[TimeControl "2700+45"]

1. d4 d5 2. c4 dxc4 3. e4 e5 4. Nf3 exd4 5. Bxc4 Be6 6. Bxe6 fxe6 7. Qxd4 Qxd4
8. Nxd4 Bb4+ 9. Bd2 Bxd2+ 10. Nxd2 e5 11. Ne6 Na6 12. Nxg7+ Kf7 13. Nf5 Rd8 14.
Ke2 Nf6 15. f3 h5 16. g3 c5 17. Nc4 b6 18. Nxe5+ Ke6 19. Nc6 Rd7 20. Rhd1 Rhh7
21. Rxd7 Rxd7 22. Rd1 Rxd1 23. Kxd1 Nb4 24. Nxb4 cxb4 25. Nd4+ Kd7 26. Kd2 a6
27. Kd3 b5 28. Nb3 Kd6 29. Kd4 Nd7 30. f4 Ke6 31. Nc5+ {Black resigns} 1-0

[Event "Team 45 45 League T54"]
[Site "Internet Chess Club"]
[Date "2012.08.24"]
[Round "2"]
[White "SymbolicJester"]
[Black "ramirozp"]
[Result "1/2-1/2"]
[WhiteElo "1860"]
[BlackElo "1837"]
[Opening "Sicilian: Najdorf, Byrne (English) attack"]
[ECO "B90"]
[Time "11:01:20"]
[TimeControl "2700+45"]

1. e4 c5 2. Nf3 d6 3. Nc3 Nf6 4. d4 cxd4 5. Nxd4 a6 6. Be3 e5 7. Nf3 Be7 8. Bc4
b6 9. Nd5 Nbd7 10. O-O Bb7 11. Nxf6+ Nxf6 12. Bd5 Nxd5 13. exd5 O-O 14. Qd2 Rc8
15. b3 b5 16. Rfc1 Bf6 17. Rab1 e4 18. Nd4 Bxd5 19. Nf5 Be6 20. Nxd6 Bc3 21. Qd1
Rc6 22. Nxe4 Qxd1+ 23. Rxd1 Bf5 24. Nxc3 Rxc3 25. Rd6 Rxc2 26. Ra1 Ra8 27. h3 h6
28. b4 a5 29. Bc5 axb4 30. Bxb4 Raxa2 31. Rxa2 Rxa2 32. Rd5 Be6 33. Rxb5 Ra1+
34. Kh2 Kh7 35. Bc5 Kg6 36. Rb4 Ra2 37. Rb6 Kf5 38. Rb4 Kg6 39. Kg3 Ra3+ 40. f3
Rb3 41. Rd4 Rb5 42. Ba3 Rg5+ 43. Kf2 Ra5 44. Bc1 Ra2+ 45. Kg3 Rc2 46. Be3 Rc4
47. Rd6 Rc3 48. Bb6 Rb3 49. h4 Kh7 50. Ba7 Rb7 51. Bd4 Rd7 52. Be5 Rxd6 53. Bxd6
Kg6 54. Bf8 Bc4 55. Kh3 Bf1 56. Kh2 f6 57. g4 Be2 58. Kg3 Kf7 59. Bc5 g6 60. f4
h5 61. gxh5 Bxh5 62. Kf2 Ke6 63. Kg3 Kf5 64. Be7 Bd1 65. Bd8 Bh5 66. Be7 Bd1 67.
Bf8 Bh5 68. Bh6 Bd1 69. Bg7 Bh5 70. Bf8 Bd1 71. Bd6 Bh5 72. Bc5 Bd1 73. Be3 Bh5
74. Kf2 Kg4 75. Bd4 f5 76. Bf6 Kxf4 77. Bg5+ Kg4 78. Kg2 f4 79. Kf2 f3 80. Bf6
Kh3 81. Bg5 Bg4 82. Bf6 Bh5 83. Bg5 Bg4 84. Bf6 Bh5 85. Bg5 Bg4 86. Bd8 Bh5 87.
Be7 Bg4 88. Bf6 Bh5 89. Bg5 Bg4 90. Bd8 Bh5 91. Be7 Bg4 92. Bd8 {Game drawn by
repetition} 1/2-1/2

[Event "Team 45 45 League T54"]
[Site "Internet Chess Club"]
[Date "2012.08.23"]
[Round "2"]
[White "ChessicalZ"]
[Black "drsigmund1"]
[Result "1-0"]
[WhiteElo "1882"]
[BlackElo "1520"]
[Opening "English opening"]
[ECO "A10"]
[Time "13:00:38"]
[TimeControl "2700+45"]

1. c4 b6 2. Nc3 e6 3. e4 Bb7 4. d4 Nf6 5. Bd3 c5 6. d5 Bd6 7. Nge2 O-O 8. O-O
Ng4 9. f4 e5 10. f5 Qh4 11. h3 Nf6 12. Be3 Na6 13. a3 Nc7 14. Qd2 h6 15. Rf3 Nh7
16. Rg3 Kh8 17. Rf1 Ne8 18. Rg4 Qf6 19. Bf2 Rg8 20. Bh4 g5 21. fxg6 {Black
resigns} 1-0

[Event "Team 45 45 League T54"]
[Site "Internet Chess Club"]
[Date "2012.08.23"]
[Round "2"]
[White "H2-0"]
[Black "FourKnights"]
[Result "1-0"]
[WhiteElo "1834"]
[BlackElo "1765"]
[Opening "Sicilian: closed"]
[ECO "B23"]
[Time "18:11:19"]
[TimeControl "2700+45"]

1. e4 c5 2. Nc3 d6 3. f4 e6 4. Nf3 Nf6 5. Bb5+ Bd7 6. Bc4 Nc6 7. O-O Be7 8. d4
cxd4 9. Nxd4 a6 10. Kh1 b5 11. Bb3 b4 12. Nce2 Nxe4 13. Nxc6 Bxc6 14. Qd4 O-O
15. Qxb4 d5 16. Qe1 Bf6 17. c3 Bh4 18. Ng3 Qf6 19. Be3 Qg6 20. Bf2 Nxf2+ 21.
Qxf2 Bb5 22. Rfd1 a5 23. Bc2 Qf6 24. Qf3 Qe7 25. Ne2 Bxe2 26. Qxe2 Qb7 27. Qh5
g6 28. Qxh4 Qxb2 29. Qf2 Qxc3 30. Rab1 Rfc8 31. Bd3 Rc7 32. Rb3 Qf6 33. g3 Rac8
34. Qe3 d4 35. Qd2 Rc3 36. Be4 e5 37. fxe5 Qxe5 38. Qxd4 Qxd4 39. Rxd4 Rc1+ 40.
Kg2 Re1 41. Rb2 Re8 42. Bd5 R8e7 43. Rf2 Kg7 44. Bb3 f5 45. Rd8 Re8 46. Rxe8
Rxe8 47. Rd2 Re7 48. Rd8 Kh6 49. Ra8 Re5 50. Kf3 g5 51. Ra6+ Kg7 52. Rd6 h6 53.
h4 Rc5 54. hxg5 hxg5 55. Rd5 Rc3+ 56. Kf2 Kf6 57. Rxa5 Rd3 58. Rxf5+ Kxf5 59.
Bc2 Ke4 60. Ke2 Kd4 61. Bxd3 Kc5 62. Ke3 {Black resigns} 1-0

[Event "Team 45 45 League T54"]
[Site "Internet Chess Club"]
[Date "2012.08.25"]
[Round "2"]
[White "pishd"]
[Black "flyingpawns"]
[Result "0-1"]
[WhiteElo "1699"]
[BlackElo "1802"]
[Opening "Queen's pawn game"]
[ECO "D02"]
[Time "11:20:27"]
[TimeControl "2700+45"]

1. d4 d5 2. Nf3 c6 3. c3 Nf6 4. Bf4 e6 5. Nbd2 Bd6 6. Bg3 Bxg3 7. hxg3 Nbd7 8.
e3 Qc7 9. Bd3 e5 10. dxe5 Nxe5 11. Nxe5 Qxe5 12. Nf3 Qe7 13. Qc2 h6 14. O-O-O
Be6 15. Qa4 a6 16. Rh4 Nd7 17. Qd4 Qf6 18. Qb4 b5 19. Qd6 Rc8 20. e4 Qe7 21. Qf4
dxe4 22. Bxe4 Nc5 23. Bb1 O-O 24. Qe3 Rfd8 25. Rdh1 Kf8 26. g4 Bc4 27. Qxe7+
Kxe7 28. g5 hxg5 29. Nxg5 Bd3 30. Re1+ Kf6 31. Nh3 Bxb1 32. Kxb1 Rd2 33. Rf4+
Kg6 34. Rg4+ Kh7 35. Rh4+ Kg8 36. Rd4 Rxd4 37. cxd4 Ne6 38. Re4 Rd8 39. Nf4 Rxd4
40. Rxd4 Nxd4 41. b4 Ne6 42. Nd3 f6 43. Kb2 Kf7 44. Kc3 Ke7 45. Nc1 Kd6 46. Nb3
g5 47. Nd4 Nf4 48. g3 Nd5+ 49. Kb3 Ne7 50. a4 Kd5 51. axb5 Kxd4 52. b6 c5 {White
resigns} 0-1

[Event "Team 45 45 League T54"]
[Site "Internet Chess Club"]
[Date "2012.08.21"]
[Round "2"]
[White "MarshKnight"]
[Black "bgolev"]
[Result "1-0"]
[WhiteElo "1461"]
[BlackElo "1797"]
[Opening "two knights: Max Lange attack"]
[ECO "C55"]
[Time "22:01:11"]
[TimeControl "2700+45"]

1. e4 e5 2. Nf3 Nc6 3. Bc4 Nf6 4. d4 exd4 5. O-O Bc5 6. e5 d5 7. exf6 dxc4 8.
fxg7 Rg8 9. Bg5 Qd6 10. Nbd2 Be6 11. Ne4 Qd5 12. Nf6+ {Black resigns} 1-0

[Event "Team 45 45 League T54"]
[Site "Internet Chess Club"]
[Date "2012.08.24"]
[Round "2"]
[White "timothysmall56"]
[Black "TwoEqualsOne"]
[Result "0-1"]
[WhiteElo "1684"]
[BlackElo "1811"]
[Opening "Sicilian: Canal-Sokolsky (Nimzovich-Rossolimo, Moscow) attack"]
[ECO "B51"]
[Time "21:00:45"]
[TimeControl "2700+45"]

1. e4 c5 2. Nf3 d6 3. Bb5+ Nc6 4. Bxc6+ bxc6 5. O-O g6 6. d4 cxd4 7. Qxd4 e5 8.
Qc4 Qc7 9. Nc3 Be6 10. Nd5 Qd7 11. h3 cxd5 12. exd5 Qc8 13. Qe4 f5 14. Qe2 Bd7
15. Nxe5 Be7 16. Nc4 Kf7 17. a4 Nf6 18. Bg5 h6 19. Bxf6 Kxf6 20. Rfe1 Re8 21. b3
Kg7 22. Rad1 Qd8 23. Qd2 Bf8 24. Qf4 Qf6 25. Ne3 Re4 26. Qg3 f4 {White resigns}
0-1

[Event "Team 45 45 League T54"]
[Site "Internet Chess Club"]
[Date "2012.08.25"]
[Round "2"]
[White "minke"]
[Black "carokantor"]
[Result "1-0"]
[WhiteElo "1914"]
[BlackElo "2087"]
[Opening "Caro-Kann: closed (Breyer) variation"]
[ECO "B10"]
[Time "00:00:10"]
[TimeControl "2700+45"]

1. e4 c6 2. d3 d5 3. Nd2 e5 4. Ngf3 Bd6 5. g3 Nf6 6. Bg2 O-O 7. O-O dxe4 8. dxe4
Qe7 9. c3 Nbd7 10. Qc2 a5 11. a4 b6 12. Nc4 Bc7 13. Rd1 Ba6 14. Ne3 g6 15. b3
Rfd8 16. Ba3 c5 17. c4 Bb7 18. Nd5 Nxd5 19. cxd5 Nf6 20. Nd2 Bd6 21. Nc4 Qc7 22.
Bb2 Ba6 23. f4 Bxc4 24. fxe5 Bxe5 25. bxc4 Ng4 26. Bxe5 Qxe5 27. Qe2 h5 28. Rab1
Rd6 29. h3 Nf6 30. Rb3 Re8 31. Re1 Nd7 32. Qe3 Qe7 33. Reb1 Ne5 34. Qc3 Nd7 35.
Rf1 Qe5 36. Qe3 Qg7 37. Rfb1 f5 38. Qf4 Qd4+ 39. Kh2 Qe5 40. exf5 Qxf4 41. gxf4
gxf5 42. Rg3+ Kf7 43. Bf3 Nf6 44. Rbg1 Ng4+ 45. hxg4 hxg4 46. Bxg4 fxg4 47. Rxg4
Rh6+ 48. Kg3 Re4 49. f5 Rxg4+ 50. Kxg4 Rh2 51. Re1 Rc2 52. Re4 Kf6 53. d6 Rg2+
54. Kf4 Rd2 55. Re6+ Kf7 56. Ke5 Rd4 57. Re7+ Kf8 58. f6 Rxc4 59. d7 Rd4 60.
Re8+ {Black resigns} 1-0

[Event "Team 45 45 League T54"]
[Site "Internet Chess Club"]
[Date "2012.08.24"]
[Round "2"]
[White "Tobiasdelmonte"]
[Black "Tamarin"]
[Result "1-0"]
[WhiteElo "1846"]
[BlackElo "1870"]
[Opening "Caro-Kann: exchange variation"]
[ECO "B13"]
[Time "23:03:58"]
[TimeControl "2700+45"]

1. e4 c6 2. d4 d5 3. exd5 cxd5 4. Bd3 Nc6 5. Nf3 Nf6 6. O-O Bg4 7. c3 e6 8. Nbd2
Bd6 9. h3 Bh5 10. Qb3 Qc7 11. Re1 O-O 12. c4 Bxf3 13. c5 Bh2+ 14. Kh1 Bh5 15. g3
Bxg3 16. fxg3 Nxd4 17. Qc3 Nc6 18. Nf1 Qa5 19. Qxa5 Nxa5 20. b4 Nc6 21. a3 Bf3+
22. Kh2 Be4 23. Bxe4 Nxe4 24. Bb2 a6 25. Rad1 Rfd8 26. Ne3 Rab8 27. Ng4 b6 28.
cxb6 Rxb6 29. Ne5 Nd6 30. Nd3 Nc4 31. Bc1 a5 32. Bf4 Rc8 33. bxa5 N6xa5 34. a4
Nb2 35. Rc1 Rxc1 36. Rxc1 h6 37. Rc8+ Kh7 38. Bc7 Rc6 39. Nxb2 Nb7 40. Nd3 Nd6
41. Bxd6 Rxc8 42. a5 Rc2+ 43. Kg1 Ra2 44. Bc7 Kg8 45. Nb4 Ra4 46. Nd3 Kf8 47.
Nc5 Ra1+ 48. Kf2 Ke7 49. a6 f6 50. Bb8 e5 51. a7 d4 52. Ke2 Ra3 53. g4 g6 54.
Ne4 f5 55. Bd6+ Ke6 56. Bxa3 fxe4 57. a8=Q d3+ 58. Ke3 {Black resigns} 1-0

[Event "Team 45 45 League T54"]
[Site "Internet Chess Club"]
[Date "2012.08.28"]
[Round "2"]
[White "badmove"]
[Black "cityprosecutor"]
[Result "1/2-1/2"]
[WhiteElo "1740"]
[BlackElo "1749"]
[Opening "Old Indian defense"]
[ECO "A42"]
[Time "17:19:59"]
[TimeControl "2700+45"]

1. d4 d6 2. c4 e5 3. Nf3 e4 4. Ng5 f5 5. Nc3 Be7 6. Nh3 c6 7. g3 Nf6 8. Bg2 Nbd7
9. O-O Nb6 10. b3 d5 11. c5 Nbd7 12. b4 Nf8 13. b5 Ne6 14. bxc6 bxc6 15. Qa4 Qd7
16. Nf4 Nc7 17. f3 Ba6 18. Rb1 O-O 19. Be3 Rab8 20. Rxb8 Rxb8 21. Rb1 Rxb1+ 22.
Nxb1 Qc8 23. Nc3 Qb7 24. Qb3 Nb5 25. Nxb5 Qxb5 26. Qxb5 Bxb5 27. Bf1 {Game drawn
by mutual agreement} 1/2-1/2

[Event "Team 45 45 League T54"]
[Site "Internet Chess Club"]
[Date "2012.08.28"]
[Round "2"]
[White "vigneshv"]
[Black "Schack"]
[Result "0-1"]
[WhiteElo "1612"]
[BlackElo "1696"]
[Opening "QGD: Tarrasch defense"]
[ECO "D32"]
[Time "19:03:45"]
[TimeControl "2700+45"]

1. d4 d5 2. c4 e6 3. Nc3 c5 4. cxd5 exd5 5. Nf3 Nc6 6. g4 Bxg4 7. Bg2 Nf6 8. Bg5
Be7 9. dxc5 d4 10. Nb5 Qa5+ 11. Bd2 Qxb5 12. a4 Qxc5 13. b4 Qf5 14. Nh4 {White
resigns} 0-1

[Event "Team 45 45 League T54"]
[Site "Internet Chess Club"]
[Date "2012.08.24"]
[Round "2"]
[White "koni"]
[Black "LucaTrapani"]
[Result "1-0"]
[WhiteElo "1918"]
[BlackElo "1804"]
[Opening "French: King's Indian attack"]
[ECO "C00"]
[Time "07:10:36"]
[TimeControl "2700+45"]

1. e4 e6 2. d3 d5 3. Nd2 c5 4. Ngf3 Nc6 5. g3 Bd6 6. Bg2 Nge7 7. O-O O-O 8. Re1
f6 9. exd5 exd5 10. d4 c4 11. Nf1 Bg4 12. Ne3 Bh5 13. Qd2 b5 14. Nh4 Bb4 15. c3
Ba5 16. Nhf5 Bg6 17. Nxe7+ Nxe7 18. b3 cxb3 19. axb3 Rc8 20. Bb2 Bf7 21. Bh3 Rc6
22. b4 Bb6 23. Nf5 Nc8 24. Qe2 Rc4 25. Qg4 Bg6 26. Bf1 Rc7 27. Bxb5 Be8 28. Bf1
Kh8 29. Bg2 g6 30. Ne3 Bf7 31. Qe2 Re7 32. Qd3 f5 33. Ba3 Rd7 34. b5 Re8 35. Nc2
Qc7 36. Rxe8+ Bxe8 37. Nb4 Nd6 38. Nxd5 Qd8 39. Nxb6 axb6 40. Bxd6 Rxd6 41. Qe2
Bf7 42. Ra8 {Black resigns} 1-0

[Event "Team 45 45 League T54"]
[Site "Internet Chess Club"]
[Date "2012.08.26"]
[Round "2"]
[White "WillC"]
[Black "John3v16"]
[Result "1-0"]
[WhiteElo "1836"]
[BlackElo "1691"]
[Opening "Réti: Nimzovich-Larsen attack"]
[ECO "A06"]
[Time "16:01:16"]
[TimeControl "2700+45"]

1. Nf3 d5 2. b3 c5 3. e3 Nc6 4. Bb2 Nf6 5. Be2 e6 6. O-O Bd6 7. d4 O-O 8. Nbd2
Ne4 9. Ne5 Qc7 10. f4 cxd4 11. exd4 f6 12. Nxc6 bxc6 13. g3 Bb7 14. c4 c5 15.
Rc1 cxd4 16. Bxd4 Bc5 17. Nf3 Bxd4+ 18. Qxd4 Qb6 19. c5 Qa5 20. Rc2 Ba6 21. Bxa6
Qxa6 22. b4 Rfc8 23. Rb1 Rab8 24. f5 Qa4 25. Rcb2 Qd7 26. Rd1 exf5 27. Nd2 Rd8
28. Nc4 Qe6 29. Na5 Rbc8 30. c6 Qe5 31. b5 Qxd4+ 32. Rxd4 Nc3 33. a4 Re8 34. Kf2
Re4 35. Rbd2 Kf7 36. Nb7 Ke6 37. Nc5+ Ke5 38. R4d3 Rc4 39. Nd7+ Kd6 40. Kf3 Re8
41. Rd4 Rxd4 42. Rxd4 Re4 43. Rd3 Nxa4 44. Ra3 Rb4 45. h3 Rc4 46. Kf2 d4 47. Nb8
Kc5 48. Rb3 Kb6 49. Na6 Nc5 50. Nxc5 Rxc5 51. Ke2 Rd5 52. Kd3 Kc7 53. Kc4 Kd6
54. Rd3 Rc5+ 55. Kb4 Kd5 56. Ka5 Rc3 57. Rxc3 dxc3 58. c7 {Black resigns} 1-0

[Event "Team 45 45 League T54"]
[Site "Internet Chess Club"]
[Date "2012.08.28"]
[Round "2"]
[White "subterfuge"]
[Black "Innes"]
[Result "1-0"]
[WhiteElo "1756"]
[BlackElo "1660"]
[Opening "QGD semi-Slav"]
[ECO "D43"]
[Time "18:00:09"]
[TimeControl "2700+45"]

1. d4 d5 2. c4 c6 3. Nf3 Nf6 4. Nc3 e6 5. Bg5 Be7 6. e3 Nbd7 7. Bd3 a6 8. c5 b6
9. b4 O-O 10. O-O Bb7 11. Qc2 Re8 12. Bf4 Qc8 13. h3 Bd8 14. Ne5 b5 15. Bh2 Bc7
16. f4 g6 17. Rf3 Nf8 18. g4 N6d7 19. Raf1 f5 20. gxf5 Nxe5 21. fxe5 exf5 22.
Bxf5 gxf5 23. Rxf5 Ng6 24. Rf6 Re6 25. Rf7 Qd8 26. Qf5 Re7 27. Rf6 Rg7 28. Kh1
Qc8 29. Qh5 Qe8 30. Ne2 Rd8 31. e6 Bxh2 32. Kxh2 Bc8 33. Nf4 Nxf4 34. Qxe8+ Rxe8
35. R1xf4 Bxe6 36. e4 Rf7 37. Kg3 Rxf6 38. Rxf6 dxe4 39. h4 Bxa2 40. Rxc6 Re6
41. Rc8+ Kg7 42. Rd8 e3 43. Rd7+ Kg6 44. Rd6 e2 45. Rxe6+ Bxe6 46. Kf2 Bd5 47.
Kxe2 Kh5 48. Ke3 Kxh4 49. Kf4 h5 50. Ke5 Bb7 51. d5 Kg3 52. c6 Bc8 53. d6 h4 54.
d7 Bxd7 55. cxd7 h3 56. d8=Q h2 57. Qg5+ Kf2 58. Qh4+ Kg1 59. Qg3+ {Black
resigns} 1-0

[Event "Team 45 45 League T54"]
[Site "Internet Chess Club"]
[Date "2012.08.23"]
[Round "2"]
[White "moomaster"]
[Black "cys456"]
[Result "1-0"]
[WhiteElo "1705"]
[BlackElo "1815"]
[Opening "Sicilian: Labourdonnais-Löwenthal (Kalashnikov) variation"]
[ECO "B32"]
[Time "19:08:07"]
[TimeControl "2700+45"]

1. e4 c5 2. Nf3 Nc6 3. d4 cxd4 4. Nxd4 e5 5. Nb5 d6 6. N1c3 a6 7. Na3 b5 8. Nd5
Nge7 9. Bd3 Nxd5 10. exd5 Ne7 11. c4 b4 12. Qa4+ Bd7 13. Qxb4 Ng6 14. O-O Be7
15. Be3 Rb8 16. Qd2 f5 17. c5 dxc5 18. Rac1 O-O 19. d6 Bf6 20. Bxa6 f4 21. Bxc5
Bg5 22. Rc3 Kh8 23. Qd5 Qf6 24. Nc4 Nh4 25. Nxe5 Be6 26. Qe4 Bf5 27. Qd4 Ng6 28.
Nf3 Qd8 29. Nxg5 Qxg5 30. Qd5 Qg4 31. h3 Qg5 32. Re1 Qf6 33. Bd4 Qd8 34. Rc7
{Black resigns} 1-0